 Dungeon Crawl Stone Soup version 0.29.1-1-gd02db69 (webtiles) character file.

Game seed: 13710112531649460501

1503 mdmota the Trooper (level 9, -11/99 HPs)
             Began as a Djinni Chaos Knight on Feb 1, 2023.
             Was a Plaything of Xom.
             Mangled by Gastronok the shock serpent (shapeshifter) (12 damage)
             ... on level 8 of the Dungeon.
             The game lasted 00:24:29 (6553 turns).

mdmota the Trooper (Djinni Chaos Knight)            Turns: 6553, Time: 00:24:31

Health: -11/99     AC: 24    Str: 11      XL:     9   Next: 8%
Gold:   288        EV:  2    Int: 17 (18) God:    Xom [.....*] SH: 13 Dex: 19

rFire   . . .      SeeInvis +   h - +3 flail (protect)
rCold   . . .      Faith    .   A - +0 tower shield
rNeg    . . .      Spirit   .   (body armour currently unavailable)
rPois   ∞          Reflect  .   (helmet currently unavailable)
rElec   .          Harm     .   (cloak currently unavailable)
rCorr   .          Rampage  .   (gloves currently unavailable)
Will    .....      NoTele   +   (boots unavailable)
Stlth   ++........              (no amulet)
HPRegen 0.26/turn               i - ring of see invisible
MPRegen 0.00/turn               C - +6 ring of dexterity

@: tree-form (expiring), attractive, invisible
A: stationary, stasis, torment immunity, boosted hp, sickness immunity, (fire
resistance 2), (cold vulnerability 1), float, innate caster, HP casting, extra
vitality 1, (horns 2)
a: Renounce Religion


You were on level 8 of the Dungeon.
You worshipped Xom.
You were Xom's teddy bear.
You were a tree.
You visited 1 branch of the dungeon, and saw 8 of its levels.
You also visited: Sewer.

You collected 288 gold pieces.

Inventory:

Hand Weapons
 a - a +0 mace of chaos
 h - a +3 flail of protection (weapon)
 B - a +0 flail
Missiles
 u - 10 poisoned darts (quivered)
 z - a curare-tipped dart
Armour
 b - a +2 leather armour
 f - a +0 plate armour (melded)
 A - a +0 tower shield (worn)
 E - a scarf of harm
Jewellery
 g - a ring of fire
 i - a ring of see invisible (left branch)
 C - a +6 ring of dexterity (right branch)
Wands
 j - a wand of iceblast (10)
Scrolls
 d - 2 scrolls of magic mapping {unknown}
 e - 2 scrolls of summoning {unknown}
 k - 7 scrolls of teleportation
 m - 4 scrolls of fog
 p - 2 scrolls of vulnerability {unknown}
 q - 2 scrolls of noise {unknown}
 t - 3 scrolls of identify {unknown}
 v - 3 scrolls of enchant weapon
 w - a scroll of blinking {unknown}
 x - a scroll of fear {unknown}
 y - 2 scrolls of enchant armour {unknown}
Potions
 D - a potion of brilliance {unknown}
 F - a potion of ambrosia {unknown}
Miscellaneous
 c - a piece from Xom's chessboard (11/15)


   Skills:
 * Level 5.9 Fighting
 + Level 5.2 Maces & Flails
 + Level 1.6 Throwing
 + Level 4.2 Armour
 + Level 2.4 Dodging
 + Level 1.0 Stealth
 + Level 2.4 Shields
 * Level 3.1 Spellcasting
 + Level 0.5 Evocations


You had 6 spell levels left.
You knew the following spells:

 Your Spells              Type           Power      Damage    Failure   Level
a - Beastly Appendage     Tmut           26%        N/A       54%         1
b - Ensorcelled Hibernat  Hex/Ice        26%        N/A       69%         2
c - Searing Ray           Conj           26%        2d5       69%         2
d - Ozocubu's Armour      Ice            13%        N/A       89%         3
Your spell library was empty.

Dungeon Overview and Level Annotations

Branches:
Dungeon (8/15)             Temple (0/1) D:6           Sewer (visited)
   Lair: D:8-11

Altars:
Xom
Yredelemnul

Annotations:
D:4 2 transporters, strontium90w's ghost, amateur DjFE
D:6 Grinder
D:8 Gastronok


Innate Abilities, Weirdness & Mutations

You are a tree.
Your roots penetrate the ground, keeping you stationary.
You cannot be teleported.
You are immune to unholy pain and torment.
Your maximum health is greatly increased.
Your equipment is partially melded.
You are immune to sickness and miasma.
You are immune to poison.
((Your flesh is very heat resistant. (rF++)))
((You are vulnerable to cold. (rC-)))
You float through the air rather than walking.
You learn spells naturally, not from books.
Your magical power is your life essence.
You have superior vitality. (+4 MHP)
((You have a pair of horns on your head.))


Message History

Gastronok is lightly wounded.
Your transformation is almost over.
The kobold brigand hits you but does no damage.
You block Gastronok's attack. Gastronok claws you but does no damage.
You block Gastronok's attack.
Unknown command.
You closely miss Gastronok.
Gastronok is lightly wounded.
You block the kobold brigand's attack. Gastronok bites you but does no damage.
Gastronok claws you but does no damage. You block Gastronok's attack.
You block the kobold brigand's attack. Gastronok bites you but does no damage.
Gastronok claws you.
Gastronok tramples you but does no damage.
You hit Gastronok but do no damage.
Gastronok is lightly wounded.
Gastronok the swamp dragon changes into a shock serpent!
You block the kobold brigand's attack.
The kobold brigand hits you but does no damage.
You miss Gastronok. Gastronok bites you! Gastronok shocks you!
* * * LOW HITPOINT WARNING * * *
You block the kobold brigand's attack.
It was a potion of attraction.
You feel attractive to monsters. Gastronok bites you!
* * * LOW HITPOINT WARNING * * *
Gastronok shocks you!
* * * LOW HITPOINT WARNING * * *
The kobold brigand completely misses you.
Gastronok bites you but does no damage.
It was a potion of curing.
You feel better.
Xom roars with laughter!
You block Gastronok's attack.
The kobold brigand hits you but does no damage.
It was a potion of invisibility.
You fade into invisibility!
Gastronok bites you!
* * * LOW HITPOINT WARNING * * *
Gastronok shocks you!
You die...
Xom chuckles heartily!

#.# ##########.#
#..........###+###.
#....$.............
+.........+.##.....
#...K.....#<.......
...KK..............
K#######K..####....
#..S♣KK### ...
#.###### .


You could see Gastronok the shock serpent shaped shifter (unable to see you), a
kobold brigand (unable to see you) and 2 kobolds.

Vanquished Creatures
  Menkaure (D:5)
  A steam dragon (D:7)
  A black bear (D:5)
  A phantom (D:5)
  3 kobold brigands (Sewer)
  A bullfrog (D:7)
  4 necrophages
  A scorpion (D:5)
  2 wights (D:6)
  An orc priest (D:6)
  2 iguanas
  Natasha (twice) (D:4 D:3)
  5 adders
  A river rat (Sewer)
  A shadow imp (D:7)
  2 worms
  A dart slug (D:1)
  5 orcs
  5 ball pythons
  15 endoplasms
  3 giant cockroaches
  4 goblins
  14 hobgoblins
  4 jackals (D:1)
  19 kobolds
  6 quokkas
  11 bats
  2 frilled lizards
  8 rats
126 creatures vanquished.

Vanquished Creatures (collateral kills)
  Prince Ribbit (D:7)
  An orc (D:6)
2 creatures vanquished.

Vanquished Creatures (others)
  8 fungi (D:4)
8 creatures vanquished.

Grand Total: 136 creatures vanquished

Notes
Turn   | Place    | Note
-------+----------+-------------------------------------------
     0 | D:1      | mdmota the Djinni Chaos Knight began the quest for the Orb.
     0 | D:1      | Reached XP level 1. HP: 20/20 MP: 0/0
   104 | D:1      | XOM: silly message
   126 | D:1      | Reached XP level 2. HP: 13/25 MP: 0/0
   542 | D:1      | XOM: divination: detect items
   634 | D:1      | Reached XP level 3. HP: 27/30 MP: 0/0
   634 | D:1      | Learned a level 1 spell: Beastly Appendage
   682 | D:1      | XOM: silly message
   751 | D:1      | XOM: silly message
   834 | D:1      | XOM: noise
  1633 | D:2      | XOM: silly message
  1699 | D:2      | XOM: silly message
  1800 | D:2      | Found a faded altar of an unknown god.
  2032 | D:2      | Reached XP level 4. HP: 37/37 MP: 0/0
  2412 | D:3      | XOM: 2-stop teleportation journey
  2512 | D:3      | Found a glowing drain.
  2547 | Sewer    | Entered a sewer
  2656 | Sewer    | Reached XP level 5. HP: 31/41 MP: 0/0
  2656 | Sewer    | Learned a level 2 spell: Ensorcelled Hibernation
  2862 | Sewer    | Noticed a kobold brigand
  2887 | Sewer    | Killed a kobold brigand
  2916 | Sewer    | Noticed a kobold brigand
  3062 | Sewer    | XOM: summons friendly quasit
  3123 | Sewer    | XOM: god gift: book of Flames
  3141 | Sewer    | XOM: torment (10/42 hp)
  3339 | Sewer    | Killed a kobold brigand
  3340 | Sewer    | Reached XP level 6. HP: 31/48 MP: 0/0
  3415 | Sewer    | XOM: divination: detect creatures
  3873 | D:3      | XOM: god gift: ring mail {god gift}
  4009 | D:3      | You are sucked into a shaft and drop 3 floors!
  4015 | D:6      | Noticed an ogre
  4022 | D:6      | Identified the +1 robe of the Orange Skies {Contam rCorr
                  | Int+3 Slay+3} (Xom gifted it to you on level 6 of the
                  | Dungeon)
  4022 | D:6      | XOM: god gift: +1 robe of the Orange Skies {Contam rCorr
                  | Int+3 Slay+3}
  4023 | D:6      | XOM: summons friendly crimson imp
  4025 | D:6      | XOM: enchant monster (good)
  4027 | D:6      | Found a staircase to the Ecumenical Temple.
  4027 | D:6      | Noticed an ice beast
  4030 | D:6      | XOM: confusion (+ monsters)
  4032 | D:6      | XOM: enchant monster (good)
  4034 | D:6      | XOM: confuse monster(s)
  4035 | D:6      | Reached XP level 7. HP: 49/53 MP: 0/0
  4035 | D:6      | Learned a level 2 spell: Searing Ray
  4036 | D:6      | Noticed Grinder
  4038 | D:6      | XOM: summons 7 friendly demons
  4039 | D:5      | Entered Level 5 of the Dungeon
  4054 | D:5      | XOM: give mutations
  4054 | D:5      | Gained mutation: You have a pair of small horns on your
                  | head. [Xom's grace]
  4054 | D:5      | Gained mutation: You have a pair of horns on your head.
                  | [Xom's grace]
  4113 | D:5      | Reached skill level 1 in Throwing
  4113 | D:5      | Reached skill level 1 in Spellcasting
  4140 | D:5      | XOM: confuse monster(s)
  4151 | D:5      | Reached skill level 5 in Fighting
  4214 | D:5      | XOM: summons friendly shadow imp
  4225 | D:5      | XOM: 4-stop teleportation journey
  4238 | D:4      | Noticed Natasha
  4243 | D:4      | Killed Natasha
  4278 | D:4      | Found a basalt altar of Yredelemnul.
  4383 | D:4      | Found a transporter.
  4402 | D:4      | Found a transporter.
  4651 | D:4      | Noticed Natasha
  4669 | D:3      | Killed Natasha
  4714 | D:4      | XOM: 1-stop teleportation journey
  4717 | D:4      | Noticed strontium90w's ghost (amateur DjFE)
  4803 | D:4      | XOM: 3-stop teleportation journey
  4923 | D:4      | XOM: scenery: create altars
  5073 | D:4      | XOM: scenery: create altars
  5074 | D:4      | Noticed a golden eye
  5074 | D:4      | a black bear changed into a golden eye
  5074 | D:4      | XOM: polymorph black bear -> golden eye
  5075 | D:4      | XOM: enchant monster (good)
  5077 | D:4      | XOM: enchant monster (good)
  5136 | D:5      | Noticed Menkaure
  5139 | D:5      | XOM: destruction
  5143 | D:5      | Killed Menkaure
  5144 | D:5      | Reached XP level 8. HP: 22/59 MP: 0/0
  5354 | D:5      | XOM: god gift: scarf of harm
  5438 | D:5      | Reached skill level 1 in Shields
  5521 | D:5      | XOM: scenery: 2 doors open, 1 doors close
  5637 | D:6      | XOM: enchant monster (good)
  5649 | D:6      | Reached skill level 1 in Stealth
  5649 | D:6      | XOM: confuse monster(s)
  5938 | D:7      | XOM: scenery: summon butterflies
  5970 | D:7      | Noticed Prince Ribbit
  5988 | D:7      | XOM: summons 8 friendly demons
  5994 | D:7      | Killed Prince Ribbit
  5995 | D:7      | Reached skill level 5 in Maces & Flails
  6490 | D:7      | Reached XP level 9. HP: 66/66 MP: 0/0
  6490 | D:7      | Learned a level 3 spell: Ozocubu's Armour
  6531 | D:8      | Noticed Gastronok
  6543 | D:8      | Gastronok changed into Gastronok the shapeshifter
  6543 | D:8      | XOM: polymorph Gastronok -> Gastronok the shapeshifter
  6543 | D:8      | Noticed Gastronok
  6543 | D:8      | Gastronok the shapeshifter changed into Gastronok the
                  | yaktaur
  6544 | D:8      | Noticed Gastronok
  6544 | D:8      | Gastronok the yaktaur changed into Gastronok the swamp
                  | dragon
  6549 | D:8      | Noticed Gastronok
  6549 | D:8      | Gastronok the swamp dragon changed into Gastronok the shock
                  | serpent
  6551 | D:8      | HP: 3/99 [Gastronok the shock serpent (shapeshifter) (10)]
  6553 | D:8      | HP: 1/99 [Gastronok the shock serpent (shapeshifter) (12)]
  6553 | D:8      | Mangled by Gastronok the shock serpent (shapeshifter)

Illustrated notes

Levels and vault maps discovered:
D:1:      wheals_arrival_shading, layout_basic, kennysheep_flooded_box,
          grunt_decor_cap
D:2:      layout_loops_cross, shapermc_ecumenical_altar_mp_highgroup,
          minmay_misc_feat_rows, dk_noncrumbling_2
D:3:      layout_basic, portal_sewer_entry_f
D:4:      layout_basic, mainiacjoe_overflow_surrounded_room,
          trog_ov_bears_minmay, gammafunk_ghost_arena, serial_aquarium,
          aquarium_bridge_straight [aquarium_subvault_bridge,
          aquarium_subvault_window, aquarium_subvault_bridge,
          aquarium_subvault_wall], aquarium_window_2, aquarium_window_corner,
          aquarium_view_2d, aquarium_balcony_3b, uniq_natasha
D:5:      nicolae_BIG_FREAKIN_CUBE, layout_gridville, hangedman_decor_lopped,
          uniq_pikel, uniq_menkaure
D:6:      layout_basic, slow_altar_2, minmay_temple_entry_water_ring,
          uniq_grinder, uniq_blork_the_orc
D:7:      layout_rooms, gammafunk_temple_overflow_elements, uniq_prince_ribbit1
D:8:      layout_basic, lemuel_doored_altar, minmay_misc_feat_roman,
          kennysheep_generic_room_10, uniq_gastronok

Skill      XL: |  1  2  3  4  5  6  7  8 |
---------------+-------------------------+-----
Maces & Flails | 3 4 5 |  5.2
Fighting       | 4 5 |  5.9
Armour         | 2 3 4 |  4.2
Throwing       | 1 |  1.6
Spellcasting   | 1 3 |  3.1
Shields        | 2 |  2.4
Stealth        | 1 |  1.0
Dodging        | |  2.4
Evocations     | |  0.5

Action                   |  1- 3 |  4- 6 |  7- 9 || total
-------------------------+-------+-------+-------++-------
Melee: Mace              |   126 |   160 |    61 ||   347
       Punch             |     2 |     1 |     1 ||     4
       Flail             |       |       |   145 ||   145
       Headbutt          |       |       |    40 ||    40
Throw: Dart              |       |    13 |     9 ||    22
Evoke: Piece from Xom's  |       |       |     5 ||     5
  Use: Scroll            |       |     1 |     3 ||     4
       Potion            |       |       |     8 ||     8
Armor: Leather armour    |    25 |       |       ||    25
       Plate armour      |    72 |    84 |   121 ||   277
       Skin              |       |       |    20 ||    20
Dodge: Dodged            |    48 |    17 |     7 ||    72
Block: Tower shield      |       |       |   134 ||   134
